 Dungeon Crawl Stone Soup version 0.30-a0-50-gb2d611f6b1 (webtiles) character file.

Game seed: 2974011906671283352

21 ytrimaz the Trooper (level 2, -11/24 HPs)
             Began as a Demonspawn Berserker on Sept 4, 2022.
             Was a Follower of Trog.
             Killed by an exploding gnoll (29 damage)
             ... ignited by their inner flame
             ... on level 1 of the Dungeon.
             The game lasted 00:00:42 (775 turns).

ytrimaz the Trooper (Demonspawn Berserker)           Turns: 775, Time: 00:00:43

Health: -11/24     AC:  2    Str: 17    XL:     2   Next: 62%
Magic:  2/2        EV: 12    Int:  8    God:    Trog [*.....]
Gold:   63         SH:  0    Dex: 12    Spells: 1/1 levels left

rFire   . . .      SeeInvis .    a - +0 hand axe {axe}
rCold   . . .      Faith    .    (no shield)
rNeg    . . .      Spirit   .    b - +0 animal skin
rPois   .          Reflect  .    (helmet restricted)
rElec   .          Harm     .    (no cloak)
rCorr   .          Rampage  .    (no gloves)
Will    .....                    (no boots)
Stlth   +.........               (no amulet)
HPRegen 0.08/turn                (no ring)
MPRegen 0.08/turn                (no ring)

@: no status effects
A: horns 1
a: Renounce Religion, Berserk


You were on level 1 of the Dungeon.
You worshipped Trog.
Trog was aware of your devotion.
You visited 1 branch of the dungeon, and saw 1 of its levels.

You collected 63 gold pieces.


Innate Abilities, Weirdness & Mutations

You have a pair of small horns on your head.


   Skills:
 + Level 3.5 Fighting
 + Level 3.1 Axes
 - Level 1.8 Armour
 - Level 1.7 Dodging


You had one spell level left.
You didn't know any spells.
Your spell library contained the following spells:

 Spells                   Type           Power      Damage    Failure   Level
 Magic Dart               Conj           0%         1d3       41%         1
 Call Imp                 Summ           0%         N/A       54%         2
 Mephitic Cloud           Conj/Pois/Air  0%         N/A       78%         3

Inventory:

Hand Weapons
 a - a +0 hand axe (weapon) {axe}
Missiles
 i - 5 javelins (quivered) {throwing}
 j - 3 poisoned darts {throwing}
Armour
 b - a +0 animal skin (worn)
Scrolls
 c - a scroll of blinking {!r}
 h - a scroll of identify {unknown}
Potions
 d - a potion of curing {unknown}
 f - a potion of cancellation {unknown}

Dungeon Overview and Level Annotations

Branches:
Dungeon (1/15) Zot: 5219

Altars:

.# #.######,#.# .#
#......#.#.# .#
#....#.#.#.#
>###........#.#
......#...###.####
.####.#...#......#
......#...##.#.#§#
.######...##.#.#○#
### .#
##.....#.#@######
#.# .#
#..........#....#
#.# .#
########.####.#.#
#.# .# #.####.#.#
#.# .#
#...†..#.###.#
.####*
###.#..♣..##.##
.....*
#.#..PP.....#
.....#####
#.#♣P♣♣P.####
#........#
#....♣_.♣#


There were no monsters in sight!


Message History

* * * LOW HITPOINT WARNING * * *
😨 HP[-9]
You take 9 damage, and now have 9/24 hp.
MASSIVE DAMAGE!! (PAUSE)
You completely miss the hobgoblin.
You headbutt the hobgoblin, but do no damage.
You hit the goblin.
You kill the goblin!
Trog accepts your kill.
You hit the endoplasm.
You kill the endoplasm!
Trog accepts your kill. The hobgoblin misses you.
Unknown command.
You hit the hobgoblin.
You kill the hobgoblin!
Trog accepts your kill.
Unknown command.
Things that are here:
a +0 whip {mace}; a hobgoblin corpse Unknown command.
Key pressed, stopping explore.
Unknown command.
Key pressed, stopping explore.
Found a stone staircase leading down.
Unknown command. 😎 HP[+15]
Your hp is fully restored (24).
A hobgoblin comes into view.
The hobgoblin shouts!
Unknown command.
A hobgoblin is nearby!
Unknown command.
A hobgoblin is nearby!
Unknown command.
The hobgoblin hits you. 😕 HP[-2]
You take 2 damage, and now have 22/24 hp.
You slash the hobgoblin!
You kill the hobgoblin!
Trog accepts your kill.
No target in view! 😕 HP[+1] No target in view!
Unknown command.
j - 3 poisoned darts {throwing} 😎 HP[+1]
Your hp is fully restored (24).
Unknown command.
You pick up a book of Minor Magic {forbidden} and begin reading...
You add the spells Magic Dart, Call Imp and Mephitic Cloud to your library.
A frilled lizard comes into view.
A frilled lizard is nearby!
Unknown command.
A frilled lizard is nearby!
A frilled lizard is nearby!
The frilled lizard hisses angrily.
The frilled lizard barely misses you.
Unknown command.
A frilled lizard is nearby!
You hit the frilled lizard.
You kill the frilled lizard!
Trog accepts your kill.
No target in view!
No target in view!
Unknown command.
You see here a frilled lizard corpse.
No target in view!
Unknown command.
Found a faded altar of an unknown god.
Key pressed, stopping explore.
Unknown command.
You see here a frilled lizard corpse.
Key pressed, stopping explore.
No target in view!
Key pressed, stopping explore.
No target in view!
No target in view!
A gnoll comes into view. It is wielding a +0 club.
As you read the scroll labelled SITACI TUYNTEE, it crumbles to dust.
You feel aware of your surroundings.
It was a scroll of magic mapping.
The gnoll shouts!
As you read the scroll labelled BAEBLY RASADUUNO, it crumbles to dust.
The creatures around you are filled with an inner flame!
It was a scroll of immolation.
The gnoll hits you with a +0 club. 😕 HP[-5]
You take 5 damage, and now have 19/24 hp.
MASSIVE DAMAGE!! (PAUSE) Unknown command.
You barely miss the gnoll.
The gnoll hits you with a +0 club. 😮 HP[-1]
You take 1 damage, and now have 18/24 hp.
You hit the gnoll.
Flame seeps out of the gnoll.
Your headbutt misses the gnoll.
The gnoll is engulfed in blazing flames.
Trog accepts your kill.
The gnoll explodes!
The fiery explosion engulfs you!!
Ouch! That really hurt!
You die...

Skill      XL: |  1 |
---------------+----+-----
Axes           | 3 |  3.1
Fighting       | |  3.5
Armour         | |  1.8
Dodging        | |  1.7

Action                   || total
-------------------------++-------
Melee: Hand axe          ||    28
       Punch             ||     1
       Headbutt          ||     1
  Use: Scroll            ||     3
 Stab: Sleeping          ||     1
Armor: Animal skin       ||     2
Dodge: Dodged            ||    20

Levels and vault maps discovered:
D:1:      shiori_arrival_oz, layout_basic, ebering_ecumenical_altar_petrified

Notes
Turn   | Place    | Note
-------+----------+-------------------------------------------
     0 | D:1      | ytrimaz the Demonspawn Berserker began the quest for the
                  | Orb.
     0 | D:1      | Reached XP level 1. HP: 18/18 MP: 1/1
     0 | D:1      | magus.rc [v1.9.6]
   202 | D:1      | Reached skill level 3 in Axes
   202 | D:1      | Gained mutation: You have a pair of small horns on your
                  | head. [demonic ancestry]
   202 | D:1      | Reached XP level 2. HP: 16/24 MP: 2/2
   719 | D:1      | You pick up a book of Minor Magic {forbidden} and begin
                  | reading...
   719 | D:1      | You add the spells Magic Dart, Call Imp and Mephitic Cloud
                  | to your library.
   747 | D:1      | Found a faded altar of an unknown god.
   775 | D:1      | Killed by an exploding gnoll... ignited by their inner
                  | flame

Vanquished Creatures
  A gnoll (D:1)
  2 endoplasms (D:1)
  A giant cockroach (D:1)
  4 goblins (D:1)
  4 hobgoblins (D:1)
  2 kobolds (D:1)
  A ball python (D:1)
  A frilled lizard (D:1)
  2 rats (D:1)
18 creatures vanquished.

Table legend:
 A = Non-vault XP
 B = Vault XP
 C = Vault XP percentage of total XP
 D = Non-vault monster count
 E = Vault monster count
 F = Vault count percentage of total count
                 A         B        C        D         E       F
            +---------+---------+-------+---------+---------+-------
      Total |      45 |       0 |   0.0 |      18 |       0 |   0.0
            +---------+---------+-------+---------+---------+-------
        D:1 |      45 |       0 |   0.0 |      18 |       0 |   0.0
            +---------+---------+-------+---------+---------+-------

Illustrated notes

Table legend:
 A = Kills in this place as a percentage of kills in entire the game.
 B = Kills by you in this place as a percentage of kills by you in the entire game.
 C = Kills by friends in this place as a percentage of kills by friends in the entire game.
 D = Other kills in this place as a percentage of other kills in the entire game.
 E = Experience gained in this place as a percentage of experience gained in the entire game.
 F = Experience gained in this place divided by the number of levels of this place that you have seen.
                   A       B       C       D       E      F
               +-------+-------+-------+-------+-------+----------------------
         Total | 100.0 | 100.0 |   N/A |   N/A | 100.0 |  45.0
       Dungeon | 100.0 | 100.0 |   N/A |   N/A | 100.0 |  45.0
               +-------+-------+-------+-------+-------+----------------------

Table legend: (Time is in decaauts)
 A = Elapsed time spent in this place.
 B = Non-inter-level travel time spent in this place.
 C = Inter-level travel time spent in this place.
 D = Time resting spent in this place.
 E = Time spent auto-exploring this place.
 F = Levels seen in this place.
 G = Mean time per level.
                   A        B        C        D        E       F      G
               +--------+--------+--------+--------+--------+-----+--------+
         Total |    779 |    779 |      0 |      0 |    678 |   1 |  779.0 |
       Dungeon |    779 |    779 |      0 |      0 |    678 |   1 |  779.0 |
               +--------+--------+--------+--------+--------+-----+--------+

Top non-repeatable levels by time:
     D:1: 779 daAuts
